 Dungeon Crawl Stone Soup version 0.26-a0-112-g824cf5a (webtiles) character file.

Game seed: 7994469083925510859

163 Chirpers the Skirmisher (level 5, -2/50 HPs)
             Began as a Naga Fighter on June 24, 2020.
             Killed by nerve-wracking pain
             ... invoked by Grinder
              (14 damage)
             ... on level 3 of the Dungeon.
             The game lasted 00:05:22 (3090 turns).

Chirpers the Skirmisher (Naga Fighter)              Turns: 3090, Time: 00:05:23

Health: -2/50      AC:  6    Str: 20    XL:     5   Next: 44%
Magic:  5/5        EV:  6    Int:  8    God:
Gold:   147        SH:  9    Dex: 10    Spells: 4/4 levels left

rFire    . . .     SeeInvis +   r - +1 whip (freeze)
rCold    . . .     Faith    .   c - +0 kite shield
rNeg     . . .     Spirit   .   b - +0 scale mail
rPois    +         Reflect  .   (no helmet)
rElec    .         Harm     .   v - +0 cloak
rCorr    .                      (no gloves)
MR       .....                  (no barding)
Stlth    ..........             (no amulet)
HPRegen  0.16/turn              (no ring)
MPRegen  0.09/turn              (no ring)

@: very slow
A: large, see invisible, deformed body, poison resistance, slowness 2, slow
metabolism 1, spit poison 1, AC +1
a: Spit Poison


You were on level 3 of the Dungeon.
You were not hungry.

You visited 1 branch of the dungeon, and saw 3 of its levels.

You collected 147 gold pieces.

Inventory:

Hand Weapons
 a - a +0 war axe
 r - a +1 whip of freezing (weapon)
Armour
 b - a +0 scale mail (worn)
 c - a +0 kite shield (worn)
 g - a +0 cloak
 n - a +0 cloak
 v - a +0 cloak (worn)
Wands
 q - a wand of acid (11)
Scrolls
 e - 4 scrolls of identify {unknown}
 h - a scroll of enchant armour {unknown}
 l - 2 scrolls of remove curse {unknown}
 o - a scroll of enchant weapon {unknown}
 s - a scroll of blinking {unknown}
 t - 3 scrolls of magic mapping {unknown}
Potions
 d - a potion of might
 i - a potion of heal wounds {unknown}
 j - 2 potions of haste {unknown}
 k - 2 potions of ambrosia {unknown}
 m - a potion of curing {unknown}
 p - a potion of flight {unknown}
Comestibles
 f - 6 rations


   Skills:
 + Level 3.9 Fighting
 - Level 2.0 Axes
 + Level 3.8 Armour
 + Level 0.9 Dodging
 + Level 0.1 Stealth
 + Level 3.0 Shields


You had 4 spell levels left.
You didn't know any spells.
Your spell library was empty.

Dungeon Overview and Level Annotations

Branches:
Dungeon (3/15)

Altars:
Okawaru

Annotations:
D:3 Grinder


Innate Abilities, Weirdness & Mutations

You cannot wear boots.
Your serpentine skin is tough. (AC +1)
You have supernaturally acute eyesight. (SInv)
Armour fits poorly on your strangely shaped body.
Your system is resistant to poisons. (rPois)
You cover ground very slowly.
You have a slow metabolism.
You can spit poison.


Message History

Grinder gestures at you. You resist with some effort.
You hit Grinder.
Grinder is lightly wounded.
Grinder hits you.
* * * LOW HITPOINT WARNING * * *
You writhe in agony.
* * * LOW HITPOINT WARNING * * *
You hit Grinder but do no damage.
Grinder is lightly wounded.
You block Grinder's attack.
You hit Grinder but do no damage.
Grinder is lightly wounded.
You block Grinder's attack. Grinder hits you but does no damage.
You whack Grinder!
Grinder is moderately wounded.
Grinder blinks!
Grinder gestures at you. Pain shoots through your body!
You die...

#.....#.###
###.....#
#....##
#....#
#....# ♣
#....# ♣♣
#....# ♣.
####.# ♣.
#...@# ♣.
#....# ♣♣
#....# ♣♣
#....# ♣.
#...5# ♣...
#....# ♣.♣♣
####)# ..♣
#...))# ♣♣♣
#.....#


You could see Grinder.

Vanquished Creatures
  8 adders
  An ooze (D:3)
  2 worms (D:2)
  A dart slug (D:1)
  4 leopard geckos
  7 orcs (D:3)
  9 bats
  A giant cockroach (D:1)
  7 goblins
  3 hobgoblins
  6 jackals
  A quokka (D:2)
  3 frilled lizards
  9 kobolds
  10 rats
72 creatures vanquished.

Notes
Turn   | Place    | Note
-------+----------+-------------------------------------------
     0 | D:1      | Chirpers the Naga Fighter began the quest for the Orb.
     0 | D:1      | Reached XP level 1. HP: 21/21 MP: 1/1
   151 | D:1      | Reached XP level 2. HP: 18/28 MP: 2/2
   802 | D:1      | Reached XP level 3. HP: 28/34 MP: 3/3
  1193 | D:2      | Found an iron altar of Okawaru.
  1270 | D:2      | Found an iron altar of Okawaru.
  1496 | D:2      | Reached XP level 4. HP: 42/42 MP: 4/4
  2574 | D:3      | Reached XP level 5. HP: 46/50 MP: 5/5
  3050 | D:3      | Noticed Grinder
  3054 | D:3      | Paralysed by Grinder for 6 turns
  3065 | D:3      | Paralysed by Grinder for 4 turns
  3071 | D:3      | Paralysed by Grinder for 2 turns
  3090 | D:3      | Killed from afar by Grinder

Illustrated notes

Levels and vault maps discovered:
D:1:      minmay_arrival_nine_rooms, layout_loops_cross
D:2:      layout_basic, lemuel_doored_altar, first_ration,
          okawaru_ov_weapons_minmay
D:3:      kb_forest_paths, layout_basic, uniq_ijyb, uniq_grinder

Skill      XL: |  1  2  3  4  5 |
---------------+----------------+-----
Armour         | 3 |  3.8
Shields        | 3 |  3.0
Fighting       | |  3.9
Axes           | |  2.0
Dodging        | |  0.9
Stealth        | |  0.1

Action                   |  1- 3 |  4- 6 || total
-------------------------+-------+-------++-------
Melee: War axe           |    99 |    23 ||   122
       Whip              |       |   161 ||   161
 Abil: Spit Poison       |     5 |     4 ||     9
  Eat: Chunk             |     1 |     5 ||     6
Armor: Scale mail        |    55 |   113 ||   168
Dodge: Dodged            |    25 |    52 ||    77
Block: Kite shield       |    54 |   104 ||   158

Table legend:
 A = Non-vault XP
 B = Vault XP
 C = Vault XP percentage of total XP
 D = Non-vault monster count
 E = Vault monster count
 F = Vault count percentage of total count
                 A         B        C        D         E       F
            +---------+---------+-------+---------+---------+-------
      Total |     226 |       8 |   3.4 |      70 |       2 |   2.8
            +---------+---------+-------+---------+---------+-------
        D:1 |      34 |       0 |   0.0 |      21 |       0 |   0.0
        D:2 |     100 |       0 |   0.0 |      20 |       0 |   0.0
        D:3 |      92 |       8 |   8.0 |      29 |       2 |   6.5
            +---------+---------+-------+---------+---------+-------
